 Dungeon Crawl Stone Soup version 0.22-a0-996-ge17abb2 (webtiles) character file.

1129 Charun the Sneak (level 8, -1/37 HPs)
             Began as a Vine Stalker Enchanter on June 18, 2020.
             Slain by an iguana (3 damage)
             ... on level 5 of the Dungeon.
             The game lasted 00:19:54 (5821 turns).

Charun the Sneak (Vine Stalker Enchanter)           Turns: 5821, Time: 00:19:55

Health: -1/37      AC:  3    Str: 11    XL:     8   Next: 35%
Magic:  0/15       EV: 14    Int: 15    God:
Gold:   257        SH:  0    Dex: 17    Spells: 6/15 levels left

rFire    + . .     SeeInvis .   a - +3 dagger
rCold    . . .     Gourm    .   (no shield)
rNeg     . . .     Faith    .   b - +0 robe
rPois    .         Spirit   +   (no helmet)
rElec    .         Reflect  .   (no cloak)
rCorr    .         Harm     .   g - +0 pair of gloves
MR       ++...                  (no boots)
Stlth    +++.......             (no amulet)
HPRegen  0.52/turn              h - ring of protection from fire
MPRegen  0.14/turn              p - ring of protection from magic

@: lethally poisoned (-1 -> -4), marked, very slightly contaminated
A: fangs 3, regeneration 1, magic shield, antimagic bite, no device heal 3, rot
immunity
a: no special abilities


You were on level 5 of the Dungeon.
You were very hungry.
You have taken no pledge.
You visited 1 branch of the dungeon, and saw 5 of its levels.

You collected 257 gold pieces.

Inventory:

Hand Weapons
 a - a +3 dagger (weapon)
Armour
 b - a +0 robe (worn)
 g - a +0 pair of gloves (worn)
Jewellery
 h - a ring of protection from fire (left hand)
 p - a ring of protection from magic (right hand)
Scrolls
 e - 6 scrolls of teleportation {unknown}
 f - 2 scrolls of identify
 i - a scroll of recharging
 j - 2 scrolls of amnesia {unknown}
 k - 2 scrolls of magic mapping {unknown}
 n - a scroll of random uselessness {unknown}
 o - 2 scrolls of enchant armour {unknown}
 r - a scroll of fear {unknown}
 t - a scroll of fog {unknown}
 w - a scroll of immolation {unknown}
Potions
 c - 2 potions of agility
 l - a potion of invisibility
 m - 3 potions of mutation
 q - 2 potions of flight
 u - 2 potions of resistance
 v - a potion of might
Comestibles
 d - 9 rations


   Skills:
 + Level 1.4 Fighting
 + Level 3.5 Short Blades
 + Level 3.5 Dodging
 + Level 6.2 Stealth
 + Level 4.4 Spellcasting
 + Level 4.9 Hexes
 + Level 2.8 Ice Magic


You had 6 spell levels left.
You knew the following spells:

 Your Spells              Type           Power        Failure   Level  Hunger
a - Corona                Hex            ###....      2%          1    None
b - Ensorcelled Hibernat  Hex/Ice        ###...       5%          2    ##.....
c - Confuse               Hex            ###.....     7%          3    ###....
d - Tukima's Dance        Hex            ###.....     7%          3    ###....

Your spell library contained the following spells:

 Spells                   Type           Power        Failure   Level  Hunger
 Dazzling Spray           Conj/Hex       ##....       19%         3    ###....


Dungeon Overview and Level Annotations

Branches:
Dungeon (5/15)
 Temple: D:4-7

Altars:


Innate Abilities, Weirdness & Mutations

You have razor-sharp teeth.
Your natural rate of healing is unusually fast.
When hurt, damage is shared between your health and your magic reserves.
Your bite disrupts and absorbs the magic of your enemies.
Devices cannot restore your health.
You are immune to rotting.


Message History

You hit the worker ant but do no damage.
The worker ant is almost dead.
The worker ant bites you but does no damage.
The bullfrog zombie closely misses you.
You hit the worker ant but do no damage.
The worker ant is almost dead.
You feel sick. The worker ant bites you.
* * * LOW HITPOINT WARNING * * *
The bullfrog zombie barely misses you.
You hit the worker ant.
You kill the worker ant!
You feel sick. The bullfrog zombie hits you.
* * * LOW HITPOINT WARNING * * *
An iguana comes into view.
As you read the scroll labeled NIROUS JEIF, it crumbles to dust.
It is a scroll of recharging.
You aren't carrying any rechargeable items.
* * * LOW HITPOINT WARNING * * *
You feel sick. The bullfrog zombie closely misses you. The iguana bites you.
You die...

### ## ..##.
######.#.#
........# ##
......$ ..
#.... .# #.
#Z.# .#### #.#
#@##.....# ..#
##l.# #.##
##.### #
#(.###..# ##
.##.#...a...# .
....#.......###
. #..........#
#. ##...#######
.. #.# ##a.#


You could see an iguana and a bullfrog zombie.

Vanquished Creatures
  2 phantoms
  A centaur (D:5)
  An ogre (D:4)
  4 big kobolds (D:4)
  An orc priest (D:3)
  Crazy Yiuf (D:2)
  Jessica (D:3)
  An iguana (D:4)
  4 worker ants
  8 gnolls
  9 adders
  2 worms
  4 dart slugs
  4 leopard geckos
  4 orcs (D:3)
  6 giant cockroaches
  31 goblins
  26 hobgoblins
  4 quokkas
  A ball python (D:1)
  10 bats
  5 frilled lizards
  12 kobolds
  A leopard gecko skeleton (D:4)
  8 rats
151 creatures vanquished.

Notes
Turn   | Place    | Note
-------+----------+-------------------------------------------
     0 | D:1      | Charun the Vine Stalker Enchanter began the quest for the Orb.
     0 | D:1      | Reached XP level 1. HP: 9/9 MP: 4/4
    24 | D:1      | Reached skill level 1 in Short Blades
    93 | D:1      | Reached XP level 2. HP: 11/13 MP: 6/6
    97 | D:1      | Learned a level 2 spell: Ensorcelled Hibernation
   431 | D:1      | Reached skill level 4 in Stealth
   431 | D:1      | Reached XP level 3. HP: 16/16 MP: 7/7
  1140 | D:2      | Gained mutation: Your natural rate of healing is unusually fast. [Vine Stalker growth]
  1140 | D:2      | Reached XP level 4. HP: 14/21 MP: 4/9
  1383 | D:2      | Found a runed door.
  1825 | D:2      | Reached XP level 5. HP: 16/24 MP: 0/10
  2137 | D:2      | Noticed Crazy Yiuf
  2143 | D:2      | Killed Crazy Yiuf
  2348 | D:3      | Noticed a phantom
  2397 | D:2      | Learned a level 3 spell: Confuse
  2401 | D:2      | Learned a level 3 spell: Tukima's Dance
  2410 | D:3      | Noticed Jessica
  2414 | D:3      | Killed Jessica
  2499 | D:3      | Reached skill level 5 in Stealth
  2499 | D:3      | Reached XP level 6. HP: 9/28 MP: 6/12
  2639 | D:3      | Reached skill level 1 in Ice Magic
  2815 | D:3      | Killed a phantom
  3520 | D:4      | Noticed a phantom
  3541 | D:4      | Killed a phantom
  3541 | D:4      | Reached XP level 7. HP: 22/32 MP: 7/13
  5115 | D:4      | Reached skill level 6 in Stealth
  5115 | D:4      | Gained mutation: You have razor-sharp teeth. [Vine Stalker growth]
  5115 | D:4      | Reached XP level 8. HP: 36/37 MP: 7/15
  5493 | D:4      | Reached skill level 1 in Fighting
  5775 | D:5      | Entered Level 5 of the Dungeon
  5821 | D:5      | Slain by an iguana

Vault maps used:
D:1:      dpeg_arrival_water_altar, st_stairs_2
D:2:      kennysheep_big_flooded_room, serial_glass, glass_columns_a,
          glass_columns_c, uniq_crazy_yiuf_cottage
D:3:      uniq_jessica
D:4:      minmay_goblin_kobold_castle
D:5:      serial_shops, shop_statue, shop, shop, shop, nicolae_shop_stone,
          first_ration, corexii_hall_statues_x, minivault_19

Skill      XL: |  1  2  3  4  5  6  7  8 |
---------------+-------------------------+-----
Short Blades   | 1 2 3 |  3.5
Stealth        | 4 5 6 |  6.2
Dodging        | 2 3 |  3.5
Spellcasting   | 3 4 |  4.4
Ice Magic      | 1 2 |  2.8
Hexes          | 4 |  4.9
Fighting       | 1 |  1.4

Action                   |  1- 3 |  4- 6 |  7- 9 || total
-------------------------+-------+-------+-------++-------
Melee: Dagger            |    85 |   149 |   169 ||   403
       Bite              |    20 |    39 |    33 ||    92
 Cast: Corona            |    12 |    48 |    51 ||   111
       Ensorcelled Hiber |    11 |    28 |    35 ||    74
       Confuse           |       |     7 |     2 ||     9
  Use: Scroll            |       |       |     8 ||     8
 Stab: Distracted        |     1 |       |       ||     1
       Sleeping          |    12 |    24 |    19 ||    55
       Confused          |       |     3 |     1 ||     4
  Eat: Chunk             |     2 |    10 |     8 ||    20
Armor: Robe              |    22 |    18 |    26 ||    66
Dodge: Dodged            |    46 |    87 |   118 ||   251

Table legend:
 A = Spawn XP
 B = Non-spawn XP
 C = Spawn XP percentage of total XP
 D = Spawn monster count
 E = Non-spawn monster count
 F = Spawn count percentage of total count
 G = Total turns spent on level
                    A         B        C        D         E        F      G
               +---------+---------+-------+---------+---------+-------+---------
         Total |       0 |    1614 |   0.0 |       0 |     151 |   0.0 |  5821
               +---------+---------+-------+---------+---------+-------+---------
           D:1 |       0 |      46 |   0.0 |       0 |      26 |   0.0 |   877
           D:2 |       0 |     200 |   0.0 |       0 |      27 |   0.0 |  1327
           D:3 |       0 |     277 |   0.0 |       0 |      23 |   0.0 |   945
           D:4 |       0 |     907 |   0.0 |       0 |      72 |   0.0 |  2626
           D:5 |       0 |     184 |   0.0 |       0 |       3 |   0.0 |    46
               +---------+---------+-------+---------+---------+-------+---------
